AoeStats
← Random

African Clearing

504833330Analyzed
4v4 RM · 26d ago on Sep 6, 2026· 29m 40s· 8 players
Game mode
Random Map
Map size
Large (8 player)
Population
200
Speed
Normal
Resources
Standard
Victory
Conquest
Starting age
Dark Age
Ending age
Imperial Age
RankedLock teamsTeams togetherTeam positionsShared explorationLock speedFull tech treeHidden civsTurbo modeCheats
Victory
Defeat
🇦🇷 Mongols · Argentina
1720
+11
🇦🇷 Wei · Argentina
1619
+15
🇦🇷 Gurjaras · Argentina
1517
+19
🇺🇾 Huns · Uruguay
1479
+22
🇺🇸 Jurchens · United States
1622
-18
🇨🇳 Koreans · China
1596
-17
🇨🇿 Huns · Czechia
1580
-16
🇩🇪 Turks · Germany
1578
-16
SbS | Havoc
8:39 Loom
11:27 Feudal Age
12:19 Double-Bit Axe
15:30 Scale Barding Armor
17:03 Forging
21:10 Wheelbarrow
24:35 Castle Age
22:40 Horse Collar
24:06 Bloodlines
Random
10:25 Loom
12:30 Feudal Age
13:04 Double-Bit Axe
13:00 Horse Collar
14:50 Forging
16:03 Scale Barding Armor
20:39 Bloodlines
25:04 Castle Age
Simonz
13:51 Feudal Age
12:49 Loom
17:23 Castle Age
15:40 Double-Bit Axe
16:24 Fletching
16:22 Fishing Lines
18:04 Bodkin Arrow
19:13 Bow Saw
22:55 Horse Collar
chenst2020
6:17 Loom
14:59 Feudal Age
19:43 Castle Age
18:31 Double-Bit Axe
18:39 Stone Mining
19:23 Gold Mining
21:37 Bow Saw
23:34 Fletching
26:04 Wheelbarrow
28:02 Stone Shaft Mining
El Kb
4:19 Loom
13:39 Feudal Age
15:22 Double-Bit Axe
18:13 Castle Age
17:33 Scale Barding Armor
20:04 Husbandry
28:43 Bloodlines
29:41 Chain Barding Armor
El Libertador Don Jose
3:23 Loom
12:49 Feudal Age
18:04 Castle Age
16:55 Double-Bit Axe
17:02 Fletching
19:16 Bodkin Arrow
22:26 Padded Archer Armor
27:09 Leather Archer Armor
28:39 Bow Saw
[GGnT] Nanito_Uy
5:40 Loom
12:55 Feudal Age
16:58 Castle Age
15:25 Double-Bit Axe
17:43 Fletching
18:52 Bodkin Arrow
21:55 Padded Archer Armor
22:24 Town Watch
26:48 Husbandry
Teutonio
10:32 Loom
12:49 Feudal Age
13:38 Double-Bit Axe
15:47 Forging
16:27 Town Watch
23:14 Castle Age
22:30 Gold Mining
22:22 Horse Collar
24:02 Husbandry
25:41 Scale Barding Armor
26:31 Bloodlines
30:17 Chain Barding Armor
Connection lost

Rejoining the realm…

Still unreachable

The connection could not be restored.

Session expired

The server has moved on; the page needs a fresh start.